 Dungeon Crawl Stone Soup version 0.28-a0-691-gad6df49e81 (webtiles) character file.

Game seed: 13678233599342949356

26 Zenkrye the Cudgeller (level 2, -3/25 HPs)
             Began as a Palentonga Fighter on Oct 21, 2021.
             Succumbed to a goblin's poison
             ... on level 1 of the Dungeon.
             The game lasted 00:01:10 (1136 turns).

Zenkrye the Cudgeller (Palentonga Fighter)          Turns: 1136, Time: 00:01:11

Health: -3/25      AC:  6    Str: 19    XL:     2   Next: 89%
Magic:  2/2        EV:  7    Int:  8    God:
Gold:   18         SH:  4    Dex:  9    Spells: 1/1 levels left

rFire   . . .      SeeInvis +   a - +0 flail
rCold   . . .      Faith    .   c - +0 buckler
rNeg    . . .      Spirit   .   b - +0 scale mail
rPois   .          Reflect  .   (no helmet)
rElec   .          Harm     .   (no cloak)
rCorr   .          Rampage  .   (no gloves)
Will    .....                   (no barding)
Stlth   ..........              (no amulet)
HPRegen 0.08/turn               (no ring)
MPRegen 0.08/turn               (no ring)

@: lethally poisoned (-3 -> -16)
A: large, rugged brown scales 3, see invisible, deformed body, roll 1, armoured
tail
a: Rolling Charge


You were on level 1 of the Dungeon.
You visited 1 branch of the dungeon, and saw 2 of its levels.

You collected 18 gold pieces.

Inventory:

Hand Weapons
 a - a +0 flail (weapon)
Armour
 b - a +0 scale mail (worn)
 c - a +0 buckler (worn)
Potions
 d - a potion of might {@q4}


   Skills:
 - Level 3.0 Fighting
 + Level 3.4 Maces & Flails
 - Level 2.4 Armour
 - Level 2.4 Shields


You had one spell level left.
You didn't know any spells.
Your spell library contained the following spells:

 Spells                   Type           Power      Damage    Failure   Level
 Sandblast                Erth           0%         2d4       78%         1
 Ensorcelled Hibernation  Hex/Ice        0%         N/A       89%         2
 Passwall                 Tmut/Erth      0%         N/A       89%         2
 Spider Form              Tmut/Pois      0%         N/A       98%         3
 Stone Arrow              Conj/Erth      0%         3d7       98%         3


Dungeon Overview and Level Annotations

Branches:
Dungeon (2/15)

Altars:


Innate Abilities, Weirdness & Mutations

You are completely covered in rugged brown scales. (AC +3, +7% HP)
You have supernaturally acute eyesight. (SInv)
Armour fits poorly on your strangely shaped body.
You can roll at nearby foes to attack.
You have a long armoured tail.


Message History

The ball python barely misses you.
You closely miss the ball python.
The ball python is moderately wounded.
The bat hits you but does no damage. x2
The ball python bites you but does no damage.
You closely miss the ball python.
Your tail-slap misses the ball python.
The ball python is moderately wounded.
The bat hits you.
The ball python bites you but does no damage.
The bat hits you but does no damage. You block the bat's attack.
The rat twitches its whiskers.
The goblin hits you with a +1 dagger of venom.
You are poisoned.
The ball python bites you but does no damage.
You closely miss the ball python. You tail-slap the ball python.
You kill the ball python!
You feel very sick. The bat hits you but does no damage.
The bat closely misses you.
A frilled lizard comes into view.
You block the goblin's attack.
You barely miss the goblin.
You feel sick. The bat barely misses you. x2
The goblin hits you with a +1 dagger of venom.
You are lethally poisoned!
You block the goblin's attack.
You feel very sick.
The bat hits you but does no damage. x2; The rat bites you but does no damage.
The goblin hits you but does no damage.
You are more poisoned.
You climb upwards.
* * * LOW HITPOINT WARNING * * *
You feel extremely sick.
There is a stone staircase leading down here.
You hit the goblin.
Your tail-slap misses the goblin.
The goblin is moderately wounded.
* * * LOW HITPOINT WARNING * * *
You feel very sick. The rat bites you but does no damage.
You block the goblin's attack.
You sock the goblin!
You kill the goblin!
You die...

...#.##.#..÷..#................#
...#.##.#...............########
...#.##.#.............#.#
.).#.#......#.........#.#
#..#.####.#.........###.#
####.#....#.###...#...#(#
≈≈##.#.#............#.#.#
####>#.#.##.###r#####.#.# ≈#
#.#.........)@.....#.#######
####.###.##.###.#.............#
≈≈#....#.##.....#.#####.#####.#
≈≈####.#.########...........#.#
#≈≈≈##.#.# #############.#.##.#
######...# #...)...#.....#.##.#
#.#######>#####.#.......##.#
#.........# #.##########.#
#.######### #............#


You could see a rat.

Vanquished Creatures
  A ball python (D:2)
  2 bats (D:1)
  4 goblins (D:1)
  3 hobgoblins (D:1)
  6 jackals (D:1)
  A quokka (D:1)
  4 kobolds (D:1)
  A rat (D:1)
22 creatures vanquished.

Notes
Turn   | Place    | Note
-------+----------+-------------------------------------------
     0 | D:1      | Zenkrye the Palentonga Fighter began the quest for the Orb.
     0 | D:1      | Reached XP level 1. HP: 19/19 MP: 1/1
   194 | D:1      | Reached XP level 2. HP: 25/25 MP: 2/2
  1127 | D:2      | Found a faded altar of an unknown god.
  1135 | D:1      | HP: 1/25 [poisoned by a goblin]
  1136 | D:1      | Succumbed to a goblin's poison

Illustrated notes

Levels and vault maps discovered:
D:1:      roderic_crop_circles_arrival_small, layout_basic,
          kennysheep_pointless_box, chequers_serial_rivers_large_b
D:2:      layout_basic, basic_ecumenical_altar, chequers_arboretum, uniq_natasha

Skill      XL: |  1  2 |
---------------+-------+-----
Maces & Flails | 3 |  3.4
Fighting       | |  3.0
Armour         | |  2.4
Shields        | |  2.4

Action                   || total
-------------------------++-------
Melee: Flail             ||    57
       Tailslap          ||     6
  Use: Scroll            ||     1
Armor: Scale mail        ||    40
Dodge: Dodged            ||    22
Block: Buckler           ||    14

Table legend: (Time is in decaauts)
 A = Elapsed time spent in this place.
 B = Non-inter-level travel time spent in this place.
 C = Inter-level travel time spent in this place.
 D = Time resting spent in this place.
 E = Time spent auto-exploring this place.
 F = Levels seen in this place.
 G = Mean time per level.
                   A        B        C        D        E       F      G
               +--------+--------+--------+--------+--------+-----+--------+
         Total |   1176 |   1130 |     46 |      0 |    999 |   2 |  588.0 |
       Dungeon |   1176 |   1130 |     46 |      0 |    999 |   2 |  588.0 |
               +--------+--------+--------+--------+--------+-----+--------+

Top non-repeatable levels by time:
     D:1: 1169 daAuts
     D:2: 7 daAuts
